 Dungeon Crawl Stone Soup version 0.31-a0-544-gceb718ecc6 (webtiles) character file.

Game seed: 15015722716320691054

5 spiderkeys the Ruffian (level 1, 0/13 HPs)
             Began as an Octopode Shapeshifter on Aug 15, 2023.
             Slain by a bat (1 damage)
             ... on level 1 of the Dungeon.
             The game lasted 00:00:07 (76 turns).

spiderkeys the Ruffian (Octopode Shapeshifter)        Turns: 76, Time: 00:00:08

Health: 0/13       AC:  1    Str: 14    XL:     1   Next: 80%
Magic:  1/1        EV: 13    Int: 10    God:
Gold:   0          SH:  0    Dex: 12    Spells: 0/0 levels left

rFire   . .          .
                       - Unarmed
rCold   . . .        (no shield)
rNeg    . . .        (helmet currently unavailable)
rPois   .            (no amulet)
rElec   .            (no ring)
rCorr   .            (no ring)
SInv    .            (no ring)
Will    .....        (no ring)
Stlth   ++           (no ring)
HPRegen 0.22/turn    (no ring)
MPRegen 0.07/turn    (no ring)
                     (no ring)

%: no passive effects
@: beast-form
A: beast (slay +2), almost no armour, amphibious, 8 rings, camouflage 1,
gelatinous body 1, (nimble swimmer 1), tentacles
a: Begin Untransformation


You were on level 1 of the Dungeon.
You were a hulking beast.
You visited 1 branch of the dungeon, and saw 1 of its levels.


Innate Abilities, Weirdness & Mutations

You are a hulking beast.
Your limbs bulge with bestial killing power. (Slay +2)
You cannot wear most types of armour.
You are amphibious.
You can wear up to eight rings at the same time.
Your skin changes colour to match your surroundings (Stealth+).
Your rubbery body absorbs attacks. (AC +1, EV +1)
((You are camouflaged when in or above water. (Stealth+)))
You have tentacles for arms and can constrict up to eight enemies at once.


   Skills:
 + Level 1.2 Fighting
 + Level 2.1 Dodging
 + Level 3.0 Unarmed Combat
 + Level 3.0 Shapeshifting


You couldn't memorise any spells.
You didn't know any spells.
Your spell library was empty.

Inventory:

Talismans
 b - a beast talisman (active)
 c - a flux talisman
Scrolls
 e - a scroll of teleportation {unknown}
 f - a scroll of identify {unknown}
Potions
 a - a potion of lignification {!q}
 d - a potion of ambrosia {unknown}

Dungeon Overview and Level Annotations

Branches:
Dungeon (1/15) Zot: 5923

Altars:

##### #.... ######...
#........ #.......#
#..$....# ###
##.......#############..
........................
#....wh.########.##.#.#
#....b..# ####.##.#.#
#.......# #....##.#.#
#....$..# #.......#.#
#.......# #.#####.#.#
######### #.###.....#
#.........# ###...)####
#...).....


You could see a dart slug and a bat.


Message History

Options error: Missing colour in message_colour setting: 'that.*feels deathly cold' Options error: Missing colour in message_colour setting: 'and you must be Full or above to equip it' Options error: Missing colour in message_colour setting: 'but rights himself reflexively soon after' Options error: Missing colour in message_colour setting: 'before it is too late' Welcome, spiderkeys the Octopode Shapeshifter.
You feel drawn to the Orb of Zot, downwards into the unfathomable depths...
Press ? for a list of commands and other information.
Found a pair of gloves.
Found two stairs.
A frilled lizard comes into view.
A frilled lizard is nearby!
A frilled lizard is nearby!
A rat comes into view. 2 goblins come into view.
The frilled lizard hisses angrily.
The goblin shouts!
You hear an angry hiss.
The goblin shouts!
The frilled lizard misses you. The rat closely misses you.
You tentacle-slap the rat.
You kill the rat!
The frilled lizard bites you. 😕 HP[-2]
You take 2 damage, and now have 11/13 hp.
You tentacle-slap the goblin.
You kill the goblin! 😕 HP[+1]
You tentacle-slap the frilled lizard.
You kill the frilled lizard!
A ball python comes into view.
You miss the goblin.
The ball python hisses angrily.
Your grab misses the goblin. You squeeze the goblin.
The goblin hits you with a +0 dagger. 😕 HP[-2]
You take 2 damage, and now have 10/13 hp.
You tentacle-slap the goblin.
You kill the goblin!
The ball python misses you. The ball python barely misses you.
The ball python closely misses you. The ball python barely misses you.
Things that are here:
a +0 dagger; a rat corpse; 😕 HP[+1]
You bludgeon the ball python!
You kill the ball python!
No target in view!
No target in view!
No target in view!
d - a silvery potion 😎 HP[+2]
Your hp is fully restored (13).
e - a scroll labelled GITAUR ITEPS
f - a scroll labelled QAV PE MEEKLO An endoplasm comes into view.
The endoplasm quivers.
A dart slug comes into view.
The dart slug launches a dart at you. The slug dart hits you. 😮 HP[-6]
You take 6 damage, and now have 7/13 hp.
MASSIVE DAMAGE!! (PAUSE)
You are too injured to fight recklessly!
A bat comes into view.
The endoplasm freezes you.
You are frozen.
* * * LOW HITPOINT WARNING * * *
😱 HP[-4]
You take 4 damage, and now have 3/13 hp.
MASSIVE DAMAGE!! (PAUSE)
You bludgeon the endoplasm!
You kill the endoplasm! 😨 HP[+1]
You tentacle-slap the dart slug. You grab the dart slug.
You constrict the dart slug. The bat barely misses you.
The dart slug barely misses you. The bat closely misses you.
You tentacle-slap the dart slug. You constrict the dart slug.
The bat closely misses you. The dart slug launches a dart at you.
The slug dart hits you.
* * * LOW HITPOINT WARNING * * *
😱 HP[-3]
You take 3 damage, and now have 1/13 hp.
MASSIVE DAMAGE!! (PAUSE)
You closely miss the bat. Your grab misses the bat.
You constrict the dart slug. The bat hits you.
You die...

Action                     || total
---------------------------++-------
  Melee: Unarmed           ||    10
         Constrict         ||     1
         Tentacles         ||     1
  Dodge: Dodged            ||    10

Levels and vault maps discovered:
D:1:      dpeg_arrival_pits, layout_basic, minmay_pentomino_r2

Notes
Turn   | Place    | Note
-------+----------+-------------------------------------------
     0 | D:1      | spiderkeys the Octopode Shapeshifter began the quest for
                  | the Orb.
     0 | D:1      | Reached XP level 1. HP: 13/13 MP: 1/1
     0 | D:1      | magus.rc [v1.11.6]
    70 | D:1      | HP: 3/13 [frozen (4)]
    75 | D:1      | HP: 1/13 [dart slug/slug dart (3)]
    76 | D:1      | Slain by a bat

Vanquished Creatures
  An endoplasm (D:1)
  A ball python (D:1)
  A frilled lizard (D:1)
  2 goblins (D:1)
  A rat (D:1)
6 creatures vanquished.

Table legend:
 A = Non-vault XP
 B = Vault XP
 C = Vault XP percentage of total XP
 D = Non-vault monster count
 E = Vault monster count
 F = Vault count percentage of total count
                 A         B        C        D         E       F
            +---------+---------+-------+---------+---------+-------
      Total |       8 |       0 |   0.0 |       6 |       0 |   0.0
            +---------+---------+-------+---------+---------+-------
        D:1 |       8 |       0 |   0.0 |       6 |       0 |   0.0
            +---------+---------+-------+---------+---------+-------

Action                     || total
---------------------------++-------
  Melee: Unarmed           ||    10
         Constrict         ||     1
         Tentacles         ||     1
  Dodge: Dodged            ||    10

Illustrated notes

Table legend:
 A = Kills in this place as a percentage of kills in the entire game.
 B = Kills by you in this place as a percentage of kills by you in the entire game.
 C = Kills by friends in this place as a percentage of kills by friends in the entire game.
 D = Other kills in this place as a percentage of other kills in the entire game.
 E = Experience gained in this place as a percentage of experience gained in the entire game.
 F = Experience gained in this place divided by the number of levels of this place that you have seen.
                   A       B       C       D       E      F
               +-------+-------+-------+-------+-------+----------------------
         Total | 100.0 | 100.0 |   N/A |   N/A | 100.0 |   8.0
       Dungeon | 100.0 | 100.0 |   N/A |   N/A | 100.0 |   8.0
               +-------+-------+-------+-------+-------+----------------------

Table legend: (Time is in decaauts)
 A = Elapsed time spent in this place.
 B = Non-inter-level travel time spent in this place.
 C = Inter-level travel time spent in this place.
 D = Time resting spent in this place.
 E = Time spent auto-exploring this place.
 F = Levels seen in this place.
 G = Mean time per level.
                   A        B        C        D        E       F      G
               +--------+--------+--------+--------+--------+-----+--------+
         Total |     75 |     75 |      0 |      0 |     51 |   1 |   75.0 |
       Dungeon |     75 |     75 |      0 |      0 |     51 |   1 |   75.0 |
               +--------+--------+--------+--------+--------+-----+--------+

Top non-repeatable levels by time:
     D:1: 75 daAuts
